 Dungeon Sprint DCSS version 0.32-a0-30-gefbe487952 (webtiles) character file.

Game seed: 17373388530984350046

4260 fozzywoppz the Unseen (level 10, -2/68 HPs)
             Began as a Kobold Brigand on Jan 19, 2024.
             Was a High Priest of Dithmenos.
             Engulfed by a cloud of flame (14 damage)
             ... in the Dungeon (Sprint III: "The Ten Rune Challenge").
             The game lasted 00:05:38 (745 turns).

fozzywoppz the Unseen (Kobold Brigand)               Turns: 745, Time: 00:05:38

Health: -2/68      AC:  3    Str:  8    XL:     10   Next: 56%
Magic:  16/16      EV: 28    Int: 13    God:    Dithmenos [*****.]
Gold:   40         SH:  0    Dex: 21    Spells: 9/9 levels left

rFire   . . .        a - +2 dagger
rCold   . . .        (no shield)
rNeg    . . .        b - +0 robe
rPois   .            (no helmet)
rElec   .            c - +0 cloak
rCorr   .            (no gloves)
SInv    .            (no boots)
Will    .....        (no amulet) Stlth *****+++++
                     (no ring)
HPRegen 0.31/turn    (no ring)
MPRegen 0.15/turn

%: no teleportation
@: wreathed by umbra
A: small, no large weapons, nightstalker 3
a: Renounce Religion, Shadow Step, Shadow Form


You were in the Dungeon.
You worshipped Dithmenos.
Dithmenos was extremely pleased with you.
You visited 1 branch You collected 40 gold pieces.

Inventory:

Hand Weapons
 a - a +2 dagger (weapon)
Missiles
 d - 8 poisoned darts
 e - 10 curare-tipped darts (quivered)
Armour
 b - a +0 robe (worn)
 c - a +0 cloak (worn)
Wands
 j - a wand of flame (12)
 n - a wand of acid (4)
Scrolls
 m - a scroll of poison {unknown}
Potions
 f - a potion of curing
 h - a potion of haste
 i - 2 potions of magic
 l - 3 potions of mutation
 o - a potion of lignification {unknown}
 q - a potion of ambrosia {unknown}
Miscellaneous
 g - a sack of spiders


   Skills:
 + Level 9.9 Fighting
 - Level 10.0 Short Blades
 - Level 3.0 Throwing
 - Level 16.0 Dodging
 + Level 19.6 Stealth
 + Level 8.8 Invocations


You had 9 spell levels left.
You didn't know any spells.
Your spell library contained the following spells:

 Spells                   Type           Power      Damage    Failure   Level
 Freeze                   Ice            0%         1d3       30%         1
 Magic Dart               Conj           0%         1d3       30%         1
 Blink                    Tloc           0%         N/A       43%         2
 Call Imp                 Summ           0%         N/A       43%         2
 Frozen Ramparts          Ice            0%         1d1       67%         3
 Hailstorm                Conj/Ice       0%         3d5       67%         3


Dungeon Overview and Level Annotations

Branches:
Dungeon (1/1)

Altars:
Cheibriados
Dithmenos
Elyvilon
Fedhas
Gozag
Hepliaklqana
Kikubaaqudgha
Makhleb
Nemelex Xobeh
Okawaru
Qazlal
Ru
Sif Muna
Trog
Uskayaw
Vehumet
Wu Jian
Xom
Yredelemnul
Zin
The Shining One
Jiyva
Lugonu

Shops:
D !


Innate Abilities, Weirdness & Mutations

You are small and have problems with some larger weapons.
You are completely attuned to the shadows.


Message History

Dithmenos accepts your kill.
The fiery explosion engulfs the orc!
Dithmenos accepts your kill.
The fiery explosion engulfs the orc!
Dithmenos accepts your kill.
You can now transform into a swirling mass of shadows.
The orc explodes!
The fiery explosion engulfs the orc!!
You kill the orc!
Dithmenos accepts your kill.
The fiery explosion engulfs the orc high priest!!
Flame seeps out of the orc high priest.
The orc high priest is almost dead.
The fiery explosion engulfs the orc priest!!
Dithmenos accepts your kill.
The orc priest explodes!
The fiery explosion engulfs the orc high priest!!
Dithmenos accepts your kill.
The fiery explosion engulfs the orc!!
You kill the orc!
Dithmenos accepts your kill.
The fiery explosion engulfs the orc wizard!!!
Dithmenos accepts your kill.
The fiery explosion engulfs the orc!!
You kill the orc!
Dithmenos accepts your kill.
The fiery explosion engulfs the orc warrior!!
You kill the orc warrior!
Dithmenos accepts your kill.
The orc wizard explodes!
The orc high priest explodes!
The orc explodes! x2
The fiery explosion engulfs the orc sorcerer!
The orc sorcerer resists.
Dithmenos accepts your kill.
The fiery explosion engulfs the orc high priest!!
Dithmenos accepts your kill.
The orc high priest explodes!
The orc sorcerer explodes!
The orc explodes!
The fiery explosion engulfs you!!
* * * LOW HITPOINT WARNING * * *
You emit a cloud of dark smoke.
You are engulfed in blazing flames.
You die...

############
..#___#___#__#$§§#§##
..#)..#__)#÷_#.§§§§§§
..###'#'###'##.§§§§§§
..#..........#.§§§§§§
..'.⌠........#$#@#
..#...######'#§§##
).#.⌠.#__#...#§##################
..#...#__#...#....#)#)#)....#^...
..#'###__#...##.#..#.##.###.#^^..
..#.))#__#...'##.#.#.##.#).##..^.
..#___#__'...#...#..#..##.)'^....
▓▓▓▓▓▓▓▓▓▓▓▓▓▓▓▓▓▓▓▓▓▓▓▓▓▓▓#.....
#.....


There were no monsters in sight!

Vanquished Creatures
  Harold (D)
  Erolcha (D)
  2 orc high priests (D)
  Joseph (D)
  A deep elf pyromancer (D)
  2 orc sorcerers (D)
  A shadow (D)
  2 redbacks (D)
  A spatial vortex (D)
  An orc warrior (D)
  5 two-headed ogres (D)
  A necrophage (D)
  A water elemental (D)
  An orc priest (D)
  A jelly (D)
  An arcanist (D)
  Jessica (D)
  An orc wizard (D)
  A necromancer (D)
  3 humans (D)
  A kobold demonologist (D)
  A wolf (D)
  8 orcs (D)
  An endoplasm (D)
  2 rats (D)
42 creatures vanquished.

Notes
Turn   | Place    | Note
-------+----------+-------------------------------------------
     0 | D        | fozzywoppz the Kobold Brigand began the quest for the Orb.
     0 | D        | Reached XP level 1. HP: 12/12 MP: 1/1
    24 | D        | Noticed Jessica
    28 | D        | Killed Jessica
    29 | D        | Reached skill level 5 in Dodging
    29 | D        | Reached skill level 8 in Stealth
    29 | D        | Reached XP level 2. HP: 17/17 MP: 2/2
    29 | D        | Reached XP level 3. HP: 21/21 MP: 3/3
    64 | D        | Reached skill level 9 in Stealth
    64 | D        | Reached XP level 4. HP: 26/26 MP: 4/4
    83 | D        | Noticed a water elemental
    85 | D        | Killed a water elemental
    86 | D        | Reached skill level 10 in Stealth
    86 | D        | Reached XP level 5. HP: 30/30 MP: 5/5
    89 | D        | Found a radiant altar of Vehumet.
    90 | D        | Found a shimmering blue altar of Sif Muna.
    90 | D        | Found an ancient bone altar of Kikubaaqudgha.
    92 | D        | Reached skill level 11 in Stealth
   104 | D        | Found a glowing silver altar of Zin.
   105 | D        | Found a glowing golden altar of the Shining One.
   105 | D        | Found a white marble altar of Elyvilon.
   105 | D        | Noticed a deep elf pyromancer
   107 | D        | Killed a deep elf pyromancer
   108 | D        | Reached skill level 15 in Stealth
   108 | D        | Reached XP level 6. HP: 38/38 MP: 6/6
   108 | D        | Reached XP level 7. HP: 42/42 MP: 7/7
   112 | D        | Found a hide-covered altar of Uskayaw.
   112 | D        | Found an iron altar of Okawaru.
   113 | D        | Found a bloodstained altar of Trog.
   113 | D        | Found an ornate altar of the Wu Jian Council.
   113 | D        | Noticed a human
   113 | D        | Noticed a human
   124 | D        | Killed a human
   133 | D        | Killed a human
   134 | D        | Reached skill level 5 in Fighting
   134 | D        | Reached skill level 16 in Stealth
   134 | D        | Reached XP level 8. HP: 51/51 MP: 8/8
   169 | D        | Found a shadowy altar of Dithmenos.
   170 | D        | Found a basalt altar of Yredelemnul.
   170 | D        | Found a sacrificial altar of Ru.
   180 | D        | Became a worshipper of Dithmenos the Shadowed
   185 | D        | Noticed a shadow
   214 | D        | HP: 1/51 [shadow (11)]
   223 | D        | Killed a shadow
   224 | D        | Reached skill level 1 in Invocations
   332 | D        | Found a blossoming altar of Fedhas.
   332 | D        | Found a stormy altar of Qazlal.
   332 | D        | Found a snail-covered altar of Cheibriados.
   332 | D        | Found a burning altar of Makhleb.
   332 | D        | Found a shimmering altar of Xom.
   333 | D        | Found a hazy altar of Hepliaklqana.
   333 | D        | Found an opulent altar of Gozag.
   333 | D        | Found a sparkling altar of Nemelex Xobeh.
   333 | D        | Found a corrupted altar of Lugonu.
   333 | D        | Found a viscous altar of Jiyva.
   335 | D        | Reached * piety under Dithmenos
   336 | D        | Reached skill level 17 in Stealth
   374 | D        | Reached skill level 5 in Short Blades
   403 | D        | Reached ** piety under Dithmenos
   404 | D        | Reached XP level 9. HP: 55/55 MP: 10/12
   408 | D        | Noticed a two-headed ogre
   411 | D        | Killed a two-headed ogre
   412 | D        | Reached skill level 5 in Invocations
   415 | D        | Noticed a two-headed ogre
   415 | D        | Noticed Erolcha
   417 | D        | Killed Erolcha
   418 | D        | Reached skill level 15 in Dodging
   418 | D        | Reached skill level 18 in Stealth
   418 | D        | Killed a two-headed ogre
   450 | D        | Reached *** piety under Dithmenos
   453 | D        | Reached XP level 10. HP: 64/64 MP: 15/15
   460 | D        | Noticed Harold
   461 | D        | Noticed Joseph
   464 | D        | Killed Harold
   465 | D        | Reached skill level 10 in Short Blades
   465 | D        | Reached skill level 19 in Stealth
   525 | D        | Killed Joseph
   740 | D        | Found Xagonu's Distillery.
   740 | D        | Noticed an orc high priest
   740 | D        | Noticed an orc sorcerer
   741 | D        | Noticed an orc high priest
   741 | D        | Noticed an orc sorcerer
   745 | D        | Killed an orc sorcerer
   745 | D        | Reached **** piety under Dithmenos
   745 | D        | Reached ***** piety under Dithmenos
   745 | D        | Killed an orc high priest
   745 | D        | Killed an orc sorcerer
   745 | D        | Killed an orc high priest
   745 | D        | Engulfed by a cloud of flame

Illustrated notes

Levels and vault maps discovered:
D:        dungeon_sprint_mu [sprint_mu_entry_cave, sprint_mu_temple_rooms,
          sprint_mu_d1_spiders, sprint_mu_d2_genie, sprint_mu_d3_branching,
          sprint_mu_orc_legion, sprint_mu_elf_gauntlet, sprint_mu_hive_nellie,
          sprint_mu_lair_fedhas, sprint_mu_vaults_butterflies,
          sprint_mu_slime_circle, sprint_mu_shoals_kraken,
          sprint_mu_snake_twists, sprint_mu_blade_basic, sprint_mu_crypt_lich,
          sprint_mu_tomb_spiral, sprint_mu_vestibule_basic,
          sprint_mu_gehenna_hellfire, sprint_mu_dis_giant,
          sprint_mu_tartarus_statrot, sprint_mu_cocytus_islands, sprint_mu_zot1]

Skill      XL: |  1  2  3  4  5  6  7  8  9 10 |
---------------+-------------------------------+-----
Dodging        | 5 6 7 12 13 14 15 16 | 16.0
Stealth        | 8 9 10 15 16 17 18 19 | 19.6
Fighting       | 3 5 6 8 9 |  9.9
Throwing       | 3 |  3.0
Short Blades   | 5 9 10 | 10.0
Invocations    | 4 7 8 |  8.8

Action                     |  1- 3 |  4- 6 |  7- 9 | 10-12 || total
---------------------------+-------+-------+-------+-------++-------
  Melee: Dagger            |     7 |     4 |    66 |    25 ||   102
  Throw: Dart              |       |       |     4 |     6 ||    10
  Evoke: Wand              |       |       |       |     7 ||     7
    Use: Scroll            |       |     2 |       |     2 ||     4
         Potion            |       |       |     3 |       ||     3
   Stab: Sleeping          |     5 |     4 |    11 |     2 ||    22
 Armour: Robe              |       |       |    14 |     8 ||    22
  Dodge: Dodged            |     1 |       |    39 |    17 ||    57

Table legend: (Time is in decaauts)
 A = Elapsed time spent in this place.
 B = Non-inter-level travel time spent in this place.
 C = Inter-level travel time spent in this place.
 D = Time resting spent in this place.
 E = Time spent auto-exploring this place.
 F = Levels seen in this place.
 G = Mean time per level.
                   A        B        C        D        E       F      G
               +--------+--------+--------+--------+--------+-----+--------+
         Total |    725 |    725 |      0 |    308 |      6 |   1 |  725.0 |
       Dungeon |    725 |    725 |      0 |    308 |      6 |   1 |  725.0 |
               +--------+--------+--------+--------+--------+-----+--------+

Top non-repeatable levels by time:
       D: 725 daAuts
